 Dungeon Crawl Stone Soup version 0.24-a0-312-g16217b4 (webtiles) character file.

Game seed: 5087629803207572473

240 MisterFreud the Changer (level 6, 0/38 HPs)
             Began as an Octopode Transmuter on May 15, 2019.
             Succumbed to a worker ant's poison
             ... on level 4 of the Dungeon.
             The game lasted 00:06:11 (3178 turns).

MisterFreud the Changer (Octopode Transmuter)       Turns: 3178, Time: 00:06:12

Health: 0/38       AC:  1    Str: 10    XL:     6   Next: 8%
Magic:  9/10       EV: 12    Int: 17    God:
Gold:   16         SH:  5    Dex: 12    Spells: 4/10 levels left

rFire    . . .     SeeInvis +     - Unarmed
rCold    . . .     Gourm    .   d - +2 buckler
rNeg     . . .     Faith    .   (helmet restricted)
rPois    .         Spirit   .   (no amulet)
rElec    .         Reflect  .   i - ring of see invisible
rCorr    +         Harm     .   m - +3 ring of slaying
MR       .....                  k - ring of resist corrosion
Stlth    ++........             (no ring)
HPRegen  0.12/turn              (no ring)
MPRegen  0.12/turn              (no ring)
                                (no ring)
                                (no ring)

@: lethally poisoned (0 -> -2), appendage (expiring)
A: almost no armour, stealthy swim, amphibious, 8 rings, constrict 8, tentacle
spike 3, camouflage 1, gelatinous body 1
a: End Transformation


You were on level 4 of the Dungeon.
You were not hungry.
One of your tentacles had a temporary spike.
You visited 1 branch of the dungeon, and saw 4 of its levels.

You collected 106 gold pieces.
You spent 90 gold pieces at shops.

Inventory:

Missiles
 a - 12 arrows
 b - 87 stones
 e - 18 sling bullets
 j - 6 boomerangs (quivered)
Armour
 d - a +2 buckler (worn)
Jewellery
 i - a ring of see invisible (left tentacle)
 k - a ring of resist corrosion (on tentacle)
 m - a +3 ring of slaying (right tentacle)
Scrolls
 f - a scroll of amnesia
 g - 2 scrolls of identify
 l - 3 scrolls of remove curse
Potions
 n - a potion of flight
 o - 2 potions of might
Comestibles
 c - 5 rations
 p - 5 chunks of flesh


   Skills:
 - Level 1.0 Fighting
 - Level 2.0 Dodging
 - Level 3.0 Unarmed Combat
 + Level 2.9 Spellcasting
 + Level 5.6 Transmutations


You had 4 spell levels left.
You knew the following spells:

 Your Spells              Type           Power        Failure   Level  Hunger
a - Beastly Appendage     Tmut           ###...       2%          1    #......
b - Sticks to Snakes      Tmut           ###.....     4%          2    ##.....
c - Spider Form           Tmut/Pois      ##........   28%         3    ###....

Your spell library contained the following spells:

 Spells                   Type           Power        Failure   Level  Hunger
 Ice Form                 Ice/Tmut       ##......     67%         4    #####..
 Blade Hands              Tmut           ###.......   61%         5    ######.


Dungeon Overview and Level Annotations

Branches:
Dungeon (4/15)
 Temple: D:4-7

Altars:
Ashenzari
Hepliaklqana
Makhleb
Xom
Zin


Innate Abilities, Weirdness & Mutations

You cannot wear most types of armour.
You are very stealthy in the water. (Stealth+)
You are amphibious.
You can wear up to eight rings at the same time.
You can use your tentacles to constrict eight enemies at once.
Your skin changes colour to match your surroundings (Stealth+).
Your rubbery body absorbs attacks. (AC +1, EV +1)
One of your tentacles bears a large vicious spike.


Message History

You have reached level 6!
Your experience leads to an increase in your attributes!
Increase (S)trength, (I)ntelligence, or (D)exterity?
You feel clever.
Okay, then.
There is a lethal amount of poison in your body!
Okay, then.
* * * LOW HITPOINT WARNING * * *
You feel sick.
You climb downwards.
Your transformation is almost over.
The orc priest shouts!
The orc wizard casts a spell.
The orc wizard blinks!
The orc wizard closely misses you.
There is a stone staircase leading up, spattered with blood here.
Unknown command.
The orc wizard hits you with a +0 dagger.
* * * LOW HITPOINT WARNING * * *
The orc priest looks satisfied for a moment.
You die...

#....##.... #.......#
#####.o.#.#
########......?..#####
...............)......
.....###...o..........
<...........o...(...##
######.o##########...
..#####.oo@[.o§o... ..
........#########.# o
..#######


You could see an orc priest, 2 orc wizards and 2 orcs.

Vanquished Creatures
  A bullfrog skeleton (D:3)
  2 orc wizards (D:4)
  A worker ant (D:3)
  3 adders
  5 oozes
  3 worms (D:2)
  3 dart slugs
  7 orcs
  3 giant cockroaches
  7 goblins
  6 hobgoblins
  8 kobolds
  A quokka (D:3)
  A ball python (D:3)
  4 bats (D:1)
  5 frilled lizards
  8 rats (D:1)
68 creatures vanquished.

Notes
Turn   | Place    | Note
-------+----------+-------------------------------------------
     0 | D:1      | MisterFreud the Octopode Transmuter began the quest for the
                  | Orb.
     0 | D:1      | Reached XP level 1. HP: 13/13 MP: 3/3
   179 | D:1      | Reached XP level 2. HP: 12/18 MP: 3/5
   454 | D:1      | Reached skill level 3 in Transmutations
   857 | D:1      | Reached XP level 3. HP: 15/23 MP: 6/6
  1359 | D:1      | Learned a level 2 spell: Sticks to Snakes
  1363 | D:1      | Learned a level 3 spell: Spider Form
  1541 | D:2      | Reached skill level 4 in Transmutations
  1555 | D:2      | Reached XP level 4. HP: 19/28 MP: 7/7
  2092 | D:3      | Found a hazy altar of Hepliaklqana.
  2094 | D:3      | Found a shimmering altar of Xom.
  2094 | D:3      | Found a snail-covered altar of Cheibriados.
  2114 | D:3      | Found a burning altar of Makhleb.
  2114 | D:3      | Found a shattered altar of Ashenzari.
  2114 | D:3      | Found a hazy altar of Hepliaklqana.
  2242 | D:3      | Reached skill level 5 in Transmutations
  2242 | D:3      | Reached XP level 5. HP: 24/33 MP: 6/8
  2813 | D:3      | Found Zin's Purification Station.
  2815 | D:3      | Found a glowing silver altar of Zin.
  2818 | D:3      | Bought a potion of curing for 90 gold pieces
  3174 | D:3      | Reached XP level 6. HP: 3/38 MP: 8/10
  3177 | D:4      | HP: 1/38 [orc wizard/+0 dagger (1)]
  3178 | D:4      | Succumbed to a worker ant's poison

Levels and vault maps discovered:
D:1:      dpeg_arrival_subterranean_lakeside_camping, layout_basic,
          kennysheep_pointless_box, st_stairs_10
D:2:      layout_loops_ring, st_stairs_4, minmay_goblin_kobold_house
D:3:      layout_loops_ring, zin_purify, doesnt_xom_only_xom
D:4:      layout_rooms, minmay_misc_feat_roman

Skill      XL: |  1  2  3  4 |
---------------+-------------+-----
Transmutations | 3 4 5 |  5.6
Fighting       | |  1.0
Dodging        | |  2.0
Unarmed Combat | |  3.0
Spellcasting   | |  2.9

Action                   |  1- 3 |  4- 6 || total
-------------------------+-------+-------++-------
Melee: Unarmed           |    87 |    74 ||   161
       Constrict         |    21 |    23 ||    44
       Tentacles         |    19 |    17 ||    36
       Punch             |     3 |     3 ||     6
       Kick              |     7 |     9 ||    16
Throw: Boomerang         |       |     4 ||     4
 Cast: Beastly Appendage |     7 |     7 ||    14
  Use: Scroll            |       |     6 ||     6
       Potion            |       |     1 ||     1
 Stab: Sleeping          |     7 |     6 ||    13
  Eat: Chunk             |     2 |     5 ||     7
Armor: Skin              |     4 |     4 ||     8
Dodge: Dodged            |    41 |    24 ||    65
Block: Buckler           |    12 |    11 ||    23

Table legend:
 A = Non-vault XP
 B = Vault XP
 C = Vault XP percentage of total XP
 D = Non-vault monster count
 E = Vault monster count
 F = Vault count percentage of total count
                 A         B        C        D         E       F
            +---------+---------+-------+---------+---------+-------
      Total |     318 |      25 |   7.3 |      58 |      10 |  14.7
            +---------+---------+-------+---------+---------+-------
        D:1 |      44 |      10 |  18.5 |      21 |       8 |  27.6
        D:2 |      42 |      15 |  26.3 |      10 |       2 |  16.7
        D:3 |     144 |       0 |   0.0 |      22 |       0 |   0.0
        D:4 |      88 |       0 |   0.0 |       5 |       0 |   0.0
            +---------+---------+-------+---------+---------+-------
